 Dungeon Crawl Stone Soup version 0.28.0-53-g5a82cb258f (webtiles) character file.

Game seed: 5636983536099198508

32 SanguineChosen the Covered (level 3, -6/23 HPs)
             Began as a Gargoyle Fighter on July 23, 2022.
             Mangled by Terence
             ... wielding a +0 hand axe
              (8 damage)
             ... on level 2 of the Dungeon.
             The game lasted 00:01:57 (1185 turns).

SanguineChosen the Covered (Gargoyle Fighter)       Turns: 1185, Time: 00:01:58

Health: -6/23      AC: 10    Str: 21    XL:     3   Next: 27%
Magic:  3/3        EV:  9    Int:  8    God:
Gold:   40         SH:  4    Dex:  9    Spells: 2/2 levels left

rFire   + . .      SeeInvis .   a - +0 flail
rCold   . . .      Faith    .   c - +0 buckler
rNeg    + . .      Spirit   .   b - +0 scale mail
rPois   ∞          Reflect  .   (no helmet)
rElec   +          Harm     .   (no cloak)
rCorr   .          Rampage  .   (no gloves)
Will    .....                   (no boots)
Stlth   ..........              (no amulet)
HPRegen 0.07/turn               g - ring of protection from fire
MPRegen 0.08/turn               (no ring)

@: mighty
A: sickness immunity, AC +3, negative energy resistance 1, electricity
resistance, torment resistance 1, petrification resistance
a: no special abilities


You were on level 2 of the Dungeon.
You visited 1 branch of the dungeon, and saw 2 of its levels.

You collected 40 gold pieces.

Inventory:

Hand Weapons
 a - a +0 flail (weapon)
Armour
 b - a +0 scale mail (worn)
 c - a +0 buckler (worn)
Jewellery
 g - a ring of protection from fire (left hand)
Scrolls
 e - a scroll of immolation {unknown}
 f - a scroll of fear {unknown}
Potions
 h - a potion of haste


   Skills:
 + Level 3.4 Fighting
 + Level 2.7 Maces & Flails
 + Level 3.7 Armour
 + Level 3.6 Shields


You had 2 spell levels left.
You didn't know any spells.
Your spell library was empty.

Dungeon Overview and Level Annotations

Branches:
Dungeon (2/15)

Altars:

Annotations:
D:2 Terence


Innate Abilities, Weirdness & Mutations

You are immune to sickness and miasma.
Your stone body is resilient. (AC +3)
You are immune to poison.
You resist negative energy. (rN+)
You are resistant to electric shocks. (rElec)
You are resistant to unholy torment.
You are immune to petrification.


Message History

The giant cockroach bites you but does no damage.
You hit the giant cockroach but do no damage.
The giant cockroach bites you but does no damage. x2
An endoplasm comes into view.
You barely miss the giant cockroach.
The endoplasm quivers.
The giant cockroach bites you but does no damage.
The giant cockroach barely misses you.
You barely miss the giant cockroach. The giant cockroach closely misses you.
You completely miss the giant cockroach.
The giant cockroach bites you but does no damage.
The giant cockroach closely misses you.
Terence says, "Don't bother to defend, it's senseless."
You thump the giant cockroach!
You kill the giant cockroach!
You thump the jackal!
You kill the jackal!
You sock the jackal!
You kill the jackal!
Terence hits you with a +0 hand axe.
You hit Terence.
Terence is lightly wounded.
Terence barely misses you. Terence hits you with a +0 hand axe.
You closely miss Terence.
Terence is lightly wounded.
Terence barely misses you. Terence hits you but does no damage.
You hit Terence.
Terence is moderately wounded.
You block Terence's attack. Terence hits you with a +0 hand axe.
* * * LOW HITPOINT WARNING * * *
You barely miss Terence.
Terence is moderately wounded.
Terence closely misses you. Terence hits you with a +0 hand axe.
* * * LOW HITPOINT WARNING * * *
You barely miss Terence.
Terence is moderately wounded.
Terence barely misses you. Terence closely misses you.
You feel very mighty all of a sudden. Terence hits you with a +0 hand axe!
You die...

#.# #.# h.# #<# @..
#.# ..# #.# ..# #.#
.h# #.# ..#####
#.############.......
#.......@@J....#
################


You could see Terence (fast) and an endoplasm.

Vanquished Creatures
  3 ball pythons (D:1)
  3 endoplasms (D:1)
  3 giant cockroaches
  2 goblins (D:1)
  5 jackals
  2 kobolds (D:1)
  2 quokkas (D:1)
  6 bats (D:1)
  A frilled lizard (D:1)
  A rat (D:1)
28 creatures vanquished.

Notes
Turn   | Place    | Note
-------+----------+-------------------------------------------
     0 | D:1      | SanguineChosen the Gargoyle Fighter began the quest for the
                  | Orb.
     0 | D:1      | Reached XP level 1. HP: 14/14 MP: 1/1
   239 | D:1      | Reached XP level 2. HP: 19/19 MP: 2/2
   839 | D:1      | Reached XP level 3. HP: 22/23 MP: 3/3
  1165 | D:2      | Noticed Terence
  1185 | D:2      | Mangled by Terence

Illustrated notes

Levels and vault maps discovered:
D:1:      eino_arrival_tree_alley, layout_loops_corners
D:2:      layout_loops_ring, nrook_mini_backslash, skrybe_limestone_x,
          bh_walls_and_bars, uniq_terence

Action                   || total
-------------------------++-------
Melee: Flail             ||   108
  Use: Potion            ||     1
Armor: Scale mail        ||    79
Dodge: Dodged            ||    63
Block: Buckler           ||    25
